 Dungeon Crawl Stone Soup version 0.26.0-18-gc5c842f807 (webtiles) character file.

Game seed: 17099489171729872067

12072 trckry the Basher (level 11, -1/95 HPs)
             Began as a Minotaur Fighter on Jan 23, 2021.
             Was a High Priest of Makhleb.
             Incinerated by a smoke demon (9 damage)
             ... with a sticky flame
             ... on level 1 of the Abyss.
             The game lasted 00:13:57 (11160 turns).

trckry the Basher (Minotaur Fighter)               Turns: 11160, Time: 00:13:57

Health: -1/95      AC: 13    Str: 23    XL:     11   Next: 57%
Magic:  14/14      EV: 10    Int:  5    God:    Makhleb [*****.]
Gold:   653        SH: 16    Dex: 11    Spells: 10/10 levels left

rFire    . . .     SeeInvis .   b - +5 flail
rCold    . . .     Faith    .   c - +0 kite shield
rNeg     . . .     Spirit   .   K - +0 chain mail
rPois    .         Reflect  +   (helmet restricted)
rElec    .         Harm     .   E - +0 cloak
rCorr    .         Rampage  .   J - +0 pair of gloves
Will     .....                  (no boots)
Stlth    ..........             e - amulet of reflection
HPRegen  0.25/turn              (no ring)
MPRegen  0.14/turn              (no ring)

@: liquid flames, glowing
A: retaliatory headbutt, horns 2
a: Renounce Religion, Minor Destruction, Lesser Servant of Makhleb, Major
Destruction, Greater Servant of Makhleb


You were on level 1 of the Abyss.
You worshipped Makhleb.
Makhleb was extremely pleased with you.
You visited 1 branch of the dungeon, and saw 11 of its levels.
You visited the Abyss 1 time.

You collected 778 gold pieces.
You spent 125 gold pieces at shops.

Inventory:

Hand Weapons
 a - a +0 morningstar
 b - a +5 flail (weapon)
Missiles
 q - 7 silver boomerangs (quivered)
 x - 12 poisoned darts
Armour
 c - a +0 kite shield (worn)
 E - a +0 cloak (worn)
 J - a +0 pair of gloves (worn)
 K - a +0 chain mail (worn)
Jewellery
 e - an amulet of reflection (around neck)
 p - an uncursed ring of ice {unknown}
 t - a cursed amulet of inaccuracy {unknown}
 v - a cursed -4 ring of evasion {unknown}
 y - an uncursed amulet of guardian spirit {unknown}
 A - a cursed -4 ring of intelligence {unknown}
 H - an uncursed ring of flight {unknown}
 I - a +6 ring of intelligence {unknown}
 Q - the amulet "Ovusmabi" {*Contam rN+ Regen+ Int+2, unknown}
   (You bought it in a shop on level 9 of the Dungeon)

   [amulet of regeneration]

   It affects your intelligence (+2).
   It protects you from negative energy.
   It causes magical contamination when unequipped.
   It increases your rate of regeneration.
 U - an uncursed ring of wizardry {unknown}
 X - a +6 ring of dexterity {unknown}
Wands
 R - a wand of acid (9)
 S - a wand of iceblast (9)
 V - a wand of polymorph (8)
 Y - a wand of paralysis (7)
Scrolls
 f - 9 scrolls of teleportation {unknown}
 g - 3 scrolls of blinking {unknown}
 h - a scroll of fog {unknown}
 k - 8 scrolls of remove curse {unknown}
 l - 4 scrolls of enchant armour {unknown}
 o - 13 scrolls of identify {unknown}
 r - 5 scrolls of amnesia {unknown}
 B - 2 scrolls of enchant weapon {unknown}
 G - a scroll of immolation {unknown}
 M - a scroll of summoning {unknown}
 O - a scroll of random uselessness {unknown}
 P - 2 scrolls of torment {unknown}
 T - a scroll of magic mapping {unknown}
 Z - a scroll of noise {unknown}
Potions
 d - 2 potions of might
 i - 2 potions of heal wounds {unknown}
 j - 4 potions of attraction {unknown}
 m - 6 potions of curing {unknown}
 n - a potion of haste {unknown}
 s - a potion of invisibility {unknown}
 u - 2 potions of flight {unknown}
 w - 3 potions of degeneration {unknown}
 z - 3 potions of brilliance {unknown}
 C - a potion of magic {unknown}
 D - 2 potions of cancellation {unknown}
 L - 2 potions of mutation {unknown}
 N - 2 potions of lignification {unknown}
 W - a potion of resistance {unknown}


   Skills:
 + Level 8.4 Fighting
 * Level 10.8 Maces & Flails
 + Level 6.0 Throwing
 + Level 8.3 Armour
 + Level 6.6 Dodging
 + Level 8.2 Shields
 + Level 6.0 Invocations
 + Level 5.6 Evocations


You had 10 spell levels left.
You didn't know any spells.
Your spell library was empty.

Dungeon Overview and Level Annotations

Branches:
Dungeon (11/15)            Temple (0/1) D:4            Lair (0/6) D:11
    Orc (0/2) D:9

Altars:
Ashenzari
Hepliaklqana
Makhleb
Okawaru
Qazlal
Sif Muna
Xom
The Shining One

Shops:
D:8 (   D:9 *[(:   D:11 :

Portals:
Trove: D:10 (give 7 scrolls of blinking)

Annotations:
D:7 3 runed translucent doors, thiole's ghost, amateur OpWz
D:10 exclusion: door
D:11 Sonja


Innate Abilities, Weirdness & Mutations

You reflexively headbutt those who attack you in melee.
You have a pair of horns on your head.


Message History

You are covered in liquid flames!
* * * LOW HITPOINT WARNING * * *
You block the smoke demon's attack.
The smoke demon hits you but does no damage.
You block the smoke demon's attack.
You hit the smoke demon.
The smoke demon is heavily wounded.
You are engulfed in a cloud of scalding steam.
* * * LOW HITPOINT WARNING * * *
You are covered in liquid flames!
* * * LOW HITPOINT WARNING * * *
The smoke demon gestures at you. The ball of steam hits you!
* * * LOW HITPOINT WARNING * * *
You thump the smoke demon!
The smoke demon is severely wounded.
You are engulfed in a cloud of scalding steam.
* * * LOW HITPOINT WARNING * * *
You are covered in liquid flames!
You die...

##.#.. .#..##
....# # #.#.# . .
#...# .
.######..####
#........§§§..#.#
#.......§§.@3..#
.###....§.§.....#
#....##.##....# #
......# ......
#.....#. ......#.
##....#.# ....##
##'#.## . #.
.#.#... . .# # #.
... #


You could see a smoke demon.

Vanquished Creatures
  A hydra (D:11)
  A two-headed ogre (D:9)
  A centaur zombie (D:9)
  2 trolls
  21 yaks
  2 wyverns
  A water moccasin (D:10)
  3 ice beasts
  A black bear (D:7)
  6 orc warriors
  5 sky beasts
  A phantom (D:8)
  11 ogres
  10 centaurs
  Blork the orc (D:6)
  3 big kobolds
  5 bullfrogs
  3 gnoll sergeants (D:9)
  A water moccasin zombie (D:9)
  A wyvern skeleton (D:8)
  3 scorpions
  6 killer bees
  9 wights
  4 electric eels (D:10)
  A howler monkey (D:5)
  A bullfrog zombie (D:6)
  4 jellies
  4 orc priests
  4 hounds
  11 orc wizards
  A bullfrog skeleton (D:8)
  2 centaur skeletons
  3 gnoll shamans
  4 iguanas
  4 worker ants
  2 hound skeletons
  A mummy (D:4)
  A worker ant zombie (D:5)
  11 adders
  12 gnolls
  A shadow imp (D:8)
  6 white imps
  7 ufetubi
  An ooze (D:6)
  An adder skeleton (D:2)
  2 worms
  4 dart slugs
  6 leopard geckos
  41 orcs
  A giant cockroach (D:3)
  6 goblins
  5 hobgoblins
  8 jackals
  16 kobolds
  5 quokkas
  2 ball pythons
  7 bats
  2 frilled lizards
  A hobgoblin zombie (D:4)
  A kobold zombie (D:4)
  2 orc zombies (D:4)
  A quokka skeleton (D:7)
  6 rats
300 creatures vanquished.

Vanquished Creatures (others)
  A yak (D:11)
  A kobold (D:3)
  A fungus (D:7)
  8 plants
11 creatures vanquished.

Grand Total: 311 creatures vanquished

Notes
Turn   | Place    | Note
-------+----------+-------------------------------------------
     0 | D:1      | trckry the Minotaur Fighter began the quest for the Orb.
     0 | D:1      | Reached XP level 1. HP: 19/19 MP: 0/0
   233 | D:1      | Reached XP level 2. HP: 25/27 MP: 1/1
   542 | D:1      | Reached XP level 3. HP: 31/33 MP: 2/2
   976 | D:2      | Reached skill level 3 in Maces & Flails
  1346 | D:2      | Reached skill level 1 in Throwing
  1426 | D:2      | Reached skill level 1 in Dodging
  1426 | D:2      | Reached XP level 4. HP: 20/40 MP: 3/3
  1434 | D:2      | Reached skill level 1 in Invocations
  1886 | D:2      | Found an iron altar of Okawaru.
  1928 | D:3      | Reached skill level 1 in Evocations
  1961 | D:3      | Found a faded altar of an unknown god.
  2020 | D:3      | Became a worshipper of Makhleb the Destroyer
  2020 | D:3      | Reached * piety under Makhleb
  2205 | D:3      | Reached XP level 5. HP: 37/46 MP: 4/4
  2767 | D:4      | Reached skill level 4 in Maces & Flails
  2902 | D:4      | Reached ** piety under Makhleb
  3009 | D:4      | Noticed an ogre
  3011 | D:4      | Found a staircase to the Ecumenical Temple.
  3015 | D:4      | Killed an ogre
  3016 | D:4      | Reached XP level 6. HP: 41/53 MP: 6/6
  3339 | D:5      | Entered Level 5 of the Dungeon
  3507 | D:5      | Found a shimmering blue altar of Sif Muna.
  3680 | D:5      | Noticed a sky beast
  3685 | D:5      | Killed a sky beast
  3686 | D:5      | Reached XP level 7. HP: 60/60 MP: 7/7
  3859 | D:5      | Reached skill level 5 in Maces & Flails
  3900 | D:5      | Found a hazy altar of Hepliaklqana.
  4443 | D:6      | Reached skill level 5 in Fighting
  4443 | D:6      | Reached skill level 5 in Armour
  4706 | D:6      | Noticed Blork the orc
  4708 | D:6      | Reached skill level 5 in Shields
  4713 | D:6      | Killed Blork the orc
  4753 | D:6      | Reached XP level 8. HP: 63/68 MP: 7/9
  4754 | D:6      | Reached skill level 6 in Maces & Flails
  5099 | D:6      | Reached *** piety under Makhleb
  5400 | D:7      | Found a runed translucent gate.
  5400 | D:7      | Found a runed translucent gate.
  5401 | D:7      | Noticed thiole's ghost (amateur OpWz)
  5402 | D:7      | Found a runed translucent gate.
  5402 | D:7      | Identified the +3 short sword of Fycyseav {pain, Str+3}
  5551 | D:7      | Reached skill level 7 in Maces & Flails
  5671 | D:7      | Reached XP level 9. HP: 75/75 MP: 10/10
  6204 | D:7      | Found a shimmering altar of Xom.
  6755 | D:8      | Reached skill level 8 in Maces & Flails
  7034 | D:8      | Found Venkionn's Antique Weapon Emporium.
  7131 | D:8      | Found a stormy altar of Qazlal.
  7131 | D:8      | Found a broken altar of Ashenzari.
  7225 | D:8      | Reached **** piety under Makhleb
  7749 | D:9      | Noticed a two-headed ogre
  7772 | D:9      | Killed a two-headed ogre
  7773 | D:9      | Reached skill level 5 in Dodging
  7773 | D:9      | Reached XP level 10. HP: 84/84 MP: 12/12
  7805 | D:9      | Reached skill level 9 in Maces & Flails
  7860 | D:9      | Found Hurut's Weapon Shop.
  7868 | D:9      | Found Lureskem's Antique Armour Boutique.
  7936 | D:9      | Found Puinta's Assorted Antiques.
  7946 | D:9      | Bought a pitted tin amulet for 125 gold pieces
  8068 | D:9      | Found a glowing golden altar of the Shining One.
  8117 | D:9      | Found Mehyokh's Book Shop.
  8153 | D:9      | Reached skill level 5 in Throwing
  8166 | D:9      | Reached skill level 5 in Invocations
  8459 | D:9      | Found a staircase to the Orcish Mines.
  8541 | D:9      | Reached ***** piety under Makhleb
  8729 | D:9      | Reached skill level 5 in Evocations
  9205 | D:10     | Entered Level 10 of the Dungeon
  9307 | D:10     | Reached skill level 10 in Maces & Flails
  9480 | D:10     | Reached XP level 11. HP: 81/93 MP: 14/14
  9578 | D:10     | Found a portal to a secret trove of treasure.
  9779 | D:10     | Noticed a boulder beetle
 10857 | D:11     | Found a staircase to the Lair.
 10950 | D:11     | Found Hyxkum's Book Boutique.
 11020 | D:11     | Noticed Sonja
 11028 | D:11     | Noticed a five-headed hydra
 11049 | D:11     | Killed a five-headed hydra
 11113 | D:11     | Cast into level 1 of the Abyss (Sonja)
 11159 | Abyss:1  | HP: 9/95 [smoke demon/ball of steam (11)]
 11160 | Abyss:1  | Incinerated by a smoke demon

Illustrated notes

Levels and vault maps discovered:
D:1:      elethiomel_arrival_maze, layout_loops_corners,
          minmay_misc_feat_hallway, minmay_misc_feat_cross,
          hangedman_decor_points
D:2:      layout_basic, lemuel_coloured_pillars_altar, serial_forest,
          infiniplex_forest_clump_small, infiniplex_forest_clump_tiny,
          infiniplex_forest_zigzag_2, infiniplex_forest_clump_medium,
          infiniplex_forest_clump_C, infiniplex_forest_clump_medium,
          infiniplex_forest_clump_long, infiniplex_forest_join
D:3:      layout_rooms, chequers_ecumenical_altar_simple
D:4:      layout_basic, minmay_temple_entry_nine_rooms, serial_glass,
          glass_columns_a, glass_columns_a, minmay_mini_ossuary
D:5:      layout_basic, nicolae_overflow_crystal_walls, lemuel_round_altar
D:6:      layout_rooms, hangedman_minor_gate_pass, uniq_blork_the_orc
D:7:      layout_basic, lemuel_doored_altar, gammafunk_ghost_nasty_kobolds,
          supply_closet_lemuel
D:8:      layout_basic, gammafunk_temple_overflow_wave, serial_shops,
          nicolae_shop_crystal
D:9:      minmay_octagon_keep, layout_irregular_city,
          kennysheep_orc_monster_closet_entryway, basic_altar, serial_shops,
          nicolae_shop_window_shopping, shop, shop, shop
D:10:     layout_irregular_city, serial_bayou, serial_bayou_lake_a,
          serial_bayou_lagoon_a, serial_bayou_shore_a, serial_bayou_pond_d,
          enter_trove_1
D:11:     layout_basic, lair_entry_dummy, serial_shops, shop,
          chequers_hall_statues_corner_a, st_stairs_7,
          minmay_shop_enchanted_jewellery, uniq_sonja
Abyss:1:  base:
D:1

Skill      XL: |  1  2  3  4  5  6  7  8  9 10 11 |
---------------+----------------------------------+-----
Maces & Flails | 3 4 5 7 8 10 | 10.8
Throwing       | 1 2 3 4 5 6 |  6.0
Armour         | 4 5 6 7 8 |  8.3
Dodging        | 1 2 3 5 6 |  6.6
Invocations    | 1 2 3 4 5 6 |  6.0
Fighting       | 4 5 6 7 8 |  8.4
Evocations     | 1 2 3 4 5 |  5.6
Shields        | 4 5 6 7 8 |  8.2

Action                   |  1- 3 |  4- 6 |  7- 9 | 10-12 || total
-------------------------+-------+-------+-------+-------++-------
Melee: Flail             |    84 |    81 |    81 |   484 ||   730
       Headbutt          |    16 |    20 |    65 |   100 ||   201
       Morningstar       |       |    59 |   254 |       ||   313
Throw: Boomerang         |       |     2 |       |       ||     2
       Throwing net      |       |       |       |     1 ||     1
Armor: Scale mail        |    28 |    42 |    63 |       ||   133
       Chain mail        |       |       |    28 |   113 ||   141
Dodge: Dodged            |    17 |    24 |    88 |    86 ||   215
Block: Kite shield       |    71 |   111 |   250 |   354 ||   786
       Reflection        |     4 |     4 |    18 |    11 ||    37
